 Dungeon Crawl Stone Soup version 0.28.0-53-g5a82cb258f (webtiles) character file.

Game seed: 11909952166634120529

39 Descartes the Sneak (level 3, -3/17 HPs)
             Began as a Felid Monk on July 13, 2022.
             Slain by a worm (12 damage)
             ... on level 2 of the Dungeon.
             The game lasted 00:00:51 (1074 turns).

Descartes the Sneak (Felid Monk)                    Turns: 1074, Time: 00:00:52

Health: -3/17      AC:  1    Str:  9    XL:     3   Next: 28%
Magic:  4/4        EV: 19    Int: 11    God:
Gold:   37         SH:  0    Dex: 18    Spells: 2/2 levels left
                                        Lives:  0   Deaths: 0

rFire   . . .      SeeInvis +     - Unarmed
rCold   . . .      Faith    .   (shield unavailable)
rNeg    . . .      Spirit   .   (armour unavailable)
rPois   .          Reflect  .   (helmet unavailable)
rElec   .          Harm     .   (cloak unavailable)
rCorr   .          Rampage  .   (gloves unavailable)
Will    .....                   (boots unavailable)
Stlth   +++.......              (no amulet)
HPRegen 0.05/turn               (no ring)
MPRegen 0.09/turn               (no ring)

@: quick
A: very small, claws 1, fangs 3, see invisible, speed 1, shaggy fur 1, stealthy
paws, no weapons or thrown items, no armour, multi-lived
a: no special abilities


You were on level 2 of the Dungeon.
You visited 1 branch of the dungeon, and saw 2 of its levels.

You collected 37 gold pieces.

Inventory:

Scrolls
 a - 2 scrolls of identify {unknown}
 b - a scroll of summoning {unknown}
 c - a scroll of enchant armour {unknown}


   Skills:
 - Level 3.0 Fighting
 - Level 4.0 Dodging
 + Level 5.4 Stealth
 - Level 3.0 Unarmed Combat


You had 2 spell levels left.
You didn't know any spells.
Your spell library was empty.

Dungeon Overview and Level Annotations

Branches:
Dungeon (2/15)

Altars:


Innate Abilities, Weirdness & Mutations

You have sharp claws.
You have razor-sharp teeth.
You have supernaturally acute eyesight. (SInv)
You cover ground quickly. (Speed+)
You are covered in fur. (AC +1)
Your paws help you pounce on unaware monsters.
You are incapable of wielding weapons or throwing items.
You cannot wear armour.
You gain extra lives every three experience levels.


Message History

No target in view!
No target in view!
No target in view!
No target in view!
No target in view!
No target in view!
No target in view!
No target in view!
No target in view!
No target in view!
There is a stone staircase leading up here.
A ball python comes into view.
You pounce on the unaware helpless ball python!
You mangle the ball python!!
You kill the ball python!
No target in view!
No target in view!
No target in view!
No target in view!
There is a stone staircase leading up here.
c - a scroll labelled DISTOLOXER No target in view!
A worm comes into view.
A frilled lizard comes into view.
You scratch the worm. Your bite misses the worm.
The worm is lightly wounded.
The worm bites you!
You scratch the worm.
The worm is moderately wounded.
The frilled lizard hisses angrily.
You scratch the worm.
The worm is heavily wounded.
The worm barely misses you.
You scratch the worm but do no damage.
The worm is heavily wounded.
You scratch the worm. Your bite misses the worm.
The worm is heavily wounded.
The worm bites you!
Ouch! That really hurt!
You die...

#. #. . #. .. #. #.. #.
#.. ########.
.##..###########........
.....l..................
#w@...........#....
#$......#######....
#...........##.....
#.......###.##.####
######### #..#)..
#...<.. #..###. #..#...
#..#.##


You could see a worm and a frilled lizard.

Vanquished Creatures
  An adder (D:2)
  3 ball pythons
  2 bats (D:1)
  2 endoplasms (D:1)
  2 giant cockroaches (D:1)
  2 hobgoblins
  4 jackals (D:1)
  3 kobolds (D:1)
  2 quokkas (D:1)
  4 frilled lizards (D:1)
  2 goblins
  2 rats (D:1)
29 creatures vanquished.

Notes
Turn   | Place    | Note
-------+----------+-------------------------------------------
     0 | D:1      | Descartes the Felid Monk began the quest for the Orb.
     0 | D:1      | Reached XP level 1. HP: 10/10 MP: 2/2
    56 | D:1      | Reached skill level 3 in Stealth
   292 | D:1      | Reached XP level 2. HP: 12/14 MP: 3/3
   383 | D:1      | Reached skill level 4 in Stealth
   490 | D:1      | Found a faded altar of an unknown god.
   767 | D:1      | Reached skill level 5 in Stealth
   995 | D:2      | Reached XP level 3. HP: 17/17 MP: 4/4
  1074 | D:2      | Slain by a worm

Illustrated notes

Levels and vault maps discovered:
D:1:      psy_arrival_whirlpool, layout_loops_cross,
          shapermc_ecumenical_altar_notcrosses, grunt_decor_mini_mirrors
D:2:      layout_basic, grunt_ministairs_14, nicolae_underground_beach,
          uniq_terence

Skill      XL: |  1  2 |
---------------+-------+-----
Stealth        | 3 5 |  5.4
Fighting       | |  3.0
Dodging        | |  4.0
Unarmed Combat | |  3.0

Action                   || total
-------------------------++-------
Melee: Unarmed           ||    80
       Bite              ||     6
       Punch             ||     3
 Stab: Sleeping          ||     5
Armor: Skin              ||     2
Dodge: Dodged            ||    55
